 Dungeon Crawl Stone Soup version 0.16.2-14-g7133f4a77c (webtiles) character file.

7621 faibistes the Thaumaturge (level 10, -5/50 HPs)
             Began as a Deep Elf Wizard on Jan 4, 2022.
             Was a High Priest of Sif Muna.
             Killed from afar by a deep elf mage (31 damage)
             ... with a fireball
             ... on level 10 of the Dungeon.
             The game lasted 00:41:47 (14365 turns).

faibistes the Thaumaturge (Deep Elf Wizard)        Turns: 14365, Time: 00:41:47

Health: -5/50      AC:  7    Str:  4    XL:     10   Next: 98%
Magic:  27/33      EV: 16    Int: 27    God:    Sif Muna [*****.]
Gold:   490        SH:  0    Dex: 13    Spells: 8 memorised, 14 levels left

rFire  . . .     SeeInvis .     w - +0 dagger (venom)
rCold  . . .     Clarity  .     a - +0 robe
rNeg   . . .     SustAb   .     (no shield)
rPois  +         Gourm    .     b - +0 hat
rElec  .         Spirit   .     f - +1 cloak {rPois}
rCorr  .         Warding  .     C - +0 pair of gloves
rMut   +         Stasis   .     y - +0 pair of boots
MR     +....                    B - amulet of resist mutation
Stlth  ++........               e - +1 ring of protection
                                g - ring of poison resistance

@: repel missiles, somewhat resistant to hostile enchantments, unstealthy
A: no striking features
a: Channel Energy, Forget Spell, Renounce Religion


You were on level 10 of the Dungeon.
You worshipped Sif Muna.
Sif Muna was extremely pleased with you.
You were not hungry.

You visited 2 branches of the dungeon, and saw 12 of its levels.

You collected 550 gold pieces.
You spent 60 gold pieces at shops.

Inventory:

Hand weapons
 w - a +0 dagger of venom (weapon)
Armour
 a - a +0 robe (worn)
 b - a +0 hat (worn)
 f - a +1 cloak of poison resistance (worn)
 y - a +0 pair of boots (worn)
 C - a +0 pair of gloves (worn)
Magical staves
 M - an uncursed staff of earth
Jewellery
 e - a +1 ring of protection (right hand)
 g - a ring of poison resistance (left hand)
 n - an uncursed amulet of clarity
 B - an amulet of resist mutation (around neck)
Magical devices
 D - a wand of draining (9)
 F - a wand of polymorph (10)
Scrolls
 h - 5 scrolls of magic mapping {unknown}
 i - a scroll of noise {unknown}
 k - 2 scrolls of recharging {unknown}
 m - 4 scrolls of amnesia {unknown}
 o - a scroll of enchant armour {unknown}
 q - 2 scrolls of immolation {unknown}
 t - 5 scrolls of remove curse {unknown}
 E - a scroll of random uselessness {unknown}
 G - a scroll of enchant weapon {unknown}
 H - a scroll of fog {unknown}
Potions
 p - 3 potions of heal wounds
 r - 2 potions of cure mutation
 v - 2 potions of restore abilities
 x - 2 potions of cancellation
 z - 6 potions of curing
 A - a potion of berserk rage
 K - a potion of invisibility
 L - a potion of haste
 N - a potion of flight {unknown}
Books
 c - a book of Minor Magic

   Spells                             Type                      Level
   a - Magic Dart                     Conjuration                  1
   b - Blink                          Translocation                2
   c - Call Imp                       Summoning                    2
   d - Repel Missiles                 Charms/Air                   2
   e - Slow                           Hexes                        2
   f - Conjure Flame                  Conjuration/Fire             3
   g - Mephitic Cloud                 Conjuration/Poison/Air       3
 J - a book of Envenomations

   Spells                             Type                      Level
   a - Spider Form                    Transmutation/Poison         3
   b - Alistair's Intoxication        Transmutation/Poison         4
   c - Olgreb's Toxic Radiance        Poison                       4
   d - Poisonous Cloud                Conjuration/Poison/Air       6
Comestibles
 d - 9 bread rations
 j - a chunk of flesh
 l - a slice of pizza
 s - a meat ration
 u - a beef jerky


   Skills:
 + Level 8.5 Dodging
 - Level 2.4 Stealth
 * Level 12.5 Spellcasting
 + Level 9.6 Conjurations
 - Level 1.1 Summonings
 - Level 3.2 Translocations
 * Level 3.2 Transmutations
 - Level 6.8 Air Magic
 - Level 5.1 Poison Magic
 * Level 4.7 Invocations
 + Level 2.3 Evocations


You had 14 spell levels left.
You knew the following spells:

 Your Spells              Type           Power        Failure   Level  Hunger
a - Magic Dart            Conj           ####         1%          1    None
b - Conjure Flame         Conj/Fire      #####...     1%          3    None
c - Call Imp              Summ           ###.....     3%          2    None
d - Blink                 Tloc           N/A          1%          2    None
e - Mephitic Cloud        Conj/Pois/Air  ######..     1%          3    None
f - Repel Missiles        Chrm/Air       #####.       1%          2    None
g - Spider Form           Trmt/Pois      #####.....   1%          3    None
i - Olgreb's Toxic Radia  Pois           #####...     4%          4    None


Dungeon Overview and Level Annotations

Branches:
Dungeon (11/15)            Temple (1/1) D:4            Lair (0/8) D:10
    Orc: D:9-12

Altars:
Ashenzari
Cheibriados
Dithmenos
Elyvilon
Fedhas
Gozag
Kikubaaqudgha
Makhleb
Nemelex Xobeh
Okawaru
Qazlal
Ru
Sif Muna
Trog
Vehumet
Xom
Yredelemnul
Zin
The Shining One
Jiyva

Shops:
D:4 (   D:7 !   D:9 }


Message History

Casting: Magic Dart
Confirm with . or Enter, or press ? or * to list all spells.
Aiming: Magic Dart
Press: ? - help, Shift-Dir - straight line, f/p - deep elf mage
Aim: a deep elf mage, wielding a short sword (heavily wounded)
The magic dart hits the deep elf mage.
The deep elf mage is severely wounded.
Casting: Magic Dart
Confirm with . or Enter, or press ? or * to list all spells.
Aiming: Mephitic Cloud
Press: ? - help, Shift-Dir - straight line, f/p - deep elf mage
Aim: a deep elf mage, wielding a short sword (severely wounded)
The ball explodes into a vile cloud!
The stinking cloud engulfs the deep elf mage.
The deep elf mage is severely wounded.
The deep elf mage is engulfed in noxious fumes.
The deep elf mage casts a spell at you.
The fireball explodes!
The fireball engulfs you!
Ouch! That really hurt!
You die... ### #..#PPPP...).##.# #.. #.##PP..PP..###^# #.# #.##P.>.PPP.# #.# # #.# #.##P...P.P## #.# # ..# #.# #.##PPPPP..# #.#### #.# #.# #.# #PPPPP##

#.##.. #.# #.######.##
###### #.###. #.#
#.#.......#####.#.. ..#
#.
#.####..###.#..@...§e...
#.# ## #.##....#
#.....####.### #
##.##.##.# #.##..... #
......###...########
##......##.# #>####.# .#
#.# .# # #.####.. #.....
..


You could see a deep elf mage.

Vanquished Creatures
  A hill giant (D:10)
  Maurice (D:9)
  Joseph (D:10)
  A komodo dragon (D:10)
  2 deep elf magi
  A spriggan (D:7)
  A hungry ghost (D:8)
  Edmund (D:5)
  A water moccasin (D:6)
  3 orc warriors
  2 sky beasts (D:8)
  5 ogres
  Sigmund (D:5)
  Duvessa (D:6)
  A crocodile (D:8)
  3 centaurs
  2 big kobolds (D:8)
  6 giant frogs
  A wyvern skeleton (D:8)
  A scorpion (D:9)
  5 wights (D:8)
  A centaur zombie (D:9)
  A quasit (D:5)
  3 hounds
  3 orc priests (D:3)
  Dowan (D:6)
  2 goliath beetles
  10 jellies
  6 crimson imps
  Crazy Yiuf (D:2)
  A giant frog skeleton (D:10)
  A giant frog zombie (D:9)
  An iguana (D:4)
  9 orc wizards
  9 worker ants
  Ijyb (D:5)
  Terence (D:2)
  A hound skeleton (D:4)
  2 worker ant zombies
  Robin (D:2)
  12 adders
  5 gnolls
  2 giant mites
  3 shadow imps
  4 worms
  An adder skeleton (D:9)
  2 oozes
  30 orcs
  12 bats
  A bat skeleton (D:4)
  7 giant cockroaches
  22 goblins
  22 hobgoblins
  22 kobolds
  A ball python (D:3)
  6 giant geckos
  6 giant newts
  5 jackals
  A jackal skeleton (D:4)
  A jackal zombie (D:5)
  11 quokkas
  A quokka zombie (D:5)
  16 rats
  A spectral orc (D:4)
290 creatures vanquished.

Vanquished Creatures (collateral kills)
  A hobgoblin (D:1)
  2 jackals (D:1)
3 creatures vanquished.

Vanquished Creatures (others)
  A plant (D:10)
  A toadstool (D:6)
2 creatures vanquished.

Grand Total: 295 creatures vanquished

Notes
Turn   | Place    | Note
--------------------------------------------------------------
     0 | D:1      | faibistes, the Deep Elf Wizard, began the quest for the Orb.
     0 | D:1      | Reached XP level 1. HP: 10/10 MP: 6/6
   103 | D:2      | Noticed Robin
   205 | D:1      | Reached XP level 2. HP: 7/15 MP: 4/9
   349 | D:1      | Learned a level 2 spell: Blink
   352 | D:1      | Learned a level 2 spell: Call Imp
   747 | D:1      | Reached skill level 5 in Spellcasting
  1000 | D:1      | Reached XP level 3. HP: 19/19 MP: 12/14
  1025 | D:1      | Learned a level 3 spell: Conjure Flame
  1029 | D:1      | Learned a level 3 spell: Mephitic Cloud
  1585 | D:2      | Killed Robin
  1960 | D:2      | Reached XP level 4. HP: 24/24 MP: 12/17
  1977 | D:2      | Learned a level 2 spell: Repel Missiles
  2281 | D:2      | Found a white marble altar of Elyvilon.
  2525 | D:2      | Noticed Crazy Yiuf
  2662 | D:2      | HP: 1/24 [Crazy Yiuf/quarterstaff of chaos (9)]
  2986 | D:2      | HP: 1/24 [poisoned by Crazy Yiuf]
  3210 | D:2      | Killed Crazy Yiuf
  3480 | D:2      | Noticed Terence
  3492 | D:2      | Killed Terence
  3492 | D:2      | Reached XP level 5. HP: 28/28 MP: 4/20
  3745 | D:2      | Found an iron altar of Okawaru.
  4251 | D:4      | Noticed an ogre
  4261 | D:4      | Killed an ogre
  4261 | D:4      | Reached skill level 6 in Spellcasting
  4261 | D:4      | Reached XP level 6. HP: 27/32 MP: 16/22
  4974 | D:3      | Reached skill level 7 in Spellcasting
  5167 | D:3      | Found an ancient bone altar of Kikubaaqudgha.
  5377 | D:3      | Reached XP level 7. HP: 36/36 MP: 7/25
  5646 | D:3      | Noticed an orc warrior
  5654 | D:3      | Killed an orc warrior
  5654 | D:3      | Reached skill level 1 in Air Magic
  5954 | D:4      | Found Giavug's Weapon Boutique.
  5983 | D:5      | Entered Level 5 of the Dungeon
  6031 | D:4      | Found a staircase to the Ecumenical Temple.
  6039 | Temple   | Entered the Ecumenical Temple
  6084 | Temple   | Became a worshipper of Sif Muna the Loreminder
  6313 | D:5      | Found a radiant altar of Vehumet.
  6322 | D:5      | Noticed Sigmund
  6322 | D:5      | Reached skill level 5 in Dodging
  6322 | D:5      | Reached skill level 1 in Poison Magic
  6334 | D:5      | Killed Sigmund
  6334 | D:5      | Reached skill level 5 in Conjurations
  6512 | D:4      | Found a snail-covered altar of Cheibriados.
  6575 | D:4      | Noticed an ogre
  6586 | D:4      | Killed an ogre
  6586 | D:4      | Reached XP level 8. HP: 41/41 MP: 14/27
  6686 | D:4      | Found a basalt altar of Yredelemnul.
  7195 | D:5      | Found a shimmering altar of Xom.
  7222 | D:5      | Reached skill level 8 in Spellcasting
  7489 | D:5      | Acquired Sif Muna's first power
  7962 | D:5      | Noticed Edmund
  7971 | D:5      | Killed Edmund
  8006 | D:5      | Acquired Sif Muna's second power
  8006 | D:5      | Acquired Sif Muna's third power
  8006 | D:5      | Reached skill level 11 in Spellcasting
  8006 | D:5      | Reached skill level 5 in Poison Magic
  8006 | D:5      | Reached XP level 9. HP: 45/45 MP: 27/31
  8238 | D:5      | Noticed Ijyb
  8248 | D:5      | Killed Ijyb
  8524 | D:6      | Found a bloodstained altar of Trog.
  8525 | D:6      | Found a shattered altar of Ashenzari.
  8564 | D:6      | Noticed Dowan
  8566 | D:6      | Noticed Duvessa
  8579 | D:6      | Killed Dowan
  8591 | D:6      | Killed Duvessa
  8591 | D:6      | Reached skill level 1 in Invocations
  8993 | D:10     | Entered Level 10 of the Dungeon
  9685 | D:6      | Found a viscous altar of Jiyva.
  9782 | D:6      | Found a shadowy altar of Dithmenos.
  9803 | D:6      | Reached XP level 10. HP: 50/50 MP: 26/32
 10455 | D:7      | Reached skill level 12 in Spellcasting
 10609 | D:7      | Found Ytontait's Distillery.
 10630 | D:7      | Bought a potion of heal wounds for 60 gold pieces
 10878 | D:7      | Learned a level 4 spell: Olgreb's Toxic Radiance
 10998 | D:7      | Learned a level 3 spell: Spider Form
 11783 | D:8      | Found a burning altar of Makhleb.
 12019 | D:8      | Found a blossoming altar of Fedhas.
 12200 | D:8      | Found a glowing silver altar of Zin.
 12408 | D:8      | Reached skill level 1 in Evocations
 12686 | D:8      | Reached skill level 1 in Transmutations
 12885 | D:9      | Noticed Maurice
 12913 | D:9      | Killed Maurice
 13043 | D:9      | Found Mnoagg's Quality Used Wands.
 13359 | D:9      | Found a stormy altar of Qazlal.
 13784 | D:10     | Found a staircase to the Lair.
 13785 | D:10     | Noticed a komodo dragon
 13809 | D:10     | Killed a komodo dragon
 13865 | D:10     | Noticed a hill giant
 13874 | D:10     | Killed a hill giant
 13921 | D:10     | Found a glowing golden altar of the Shining One.
 14000 | D:10     | Noticed Joseph
 14094 | D:10     | Killed Joseph
 14365 | D:10     | Killed from afar by a deep elf mage

Action                   |  1- 3 |  4- 6 |  7- 9 | 10-12 || total
-------------------------+-------+-------+-------+-------++-------
Melee: Dagger            |     2 |    17 |    54 |    56 ||   129
       Unarmed           |       |       |       |    17 ||    17
 Cast: Magic Dart        |    93 |   193 |   254 |   249 ||   789
       Call Imp          |     2 |       |       |       ||     2
       Mephitic Cloud    |     3 |     9 |    20 |    15 ||    47
       Conjure Flame     |     1 |     9 |    24 |    30 ||    64
       Blink             |     1 |     5 |     3 |     9 ||    18
       Repel Missiles    |       |     2 |     1 |     1 ||     4
       Olgreb's Toxic Ra |       |       |       |     4 ||     4
       Spider Form       |       |       |       |     2 ||     2
Invok: Channel Energy    |       |       |       |     7 ||     7
  Use: Scroll            |     2 |       |     6 |     4 ||    12
       Potion            |       |     2 |     1 |     1 ||     4
 Stab: Confused          |       |     2 |     3 |     4 ||     9
       Sleeping          |       |       |     2 |     1 ||     3
  Eat: Chunk             |     3 |    11 |    13 |    12 ||    39
       Fruit             |       |       |       |     3 ||     3
